Map: Triton LE

Players

Mez

  • Race: Terran Terran
  • League: Master
  • Spawn Location: 5:00

NooNoo - Winner!

  • Race: Zerg Zerg
  • League: Master
  • Spawn Location: 11:00

VOD

Have the link to the VOD?

Description

Time

  • Played on: Sept. 3, 2019, 6:34 a.m.
  • Length: 29:01
Show
View Real Time Build Order
Export as new Build Order

Mez Terran 

Build Orders: Liberator Opening, Reaper Expand 

Get SALT Encoding   

  12  0:00  SCV  
  13  0:12  SCV  
  14  0:17  Supply Depot  
  14  0:24  SCV  
  15  0:39  Barracks, SCV  
  16  0:44  Refinery  
  16  0:51  SCV  
  17  1:03  SCV  
  18  1:16  SCV  
  19  1:27  Reaper  
  19  1:29  Orbital Command  
  20  1:44  Command Center  
  20  1:54  Supply Depot  
  20  1:55  SCV  
  20  1:59  Marine  
  22  2:07  SCV  
  23  2:17  Factory  
  23  2:24  Engineering Bay  
  23  2:26  Barracks Reactor  
  23  2:28  SCV  
  24  2:41  SCV  
  25  2:45  Refinery  
  25  2:53  SCV  
  25  2:57  Orbital Command  
  27  3:05  SCV  
  27  3:10  Starport  
  27  3:13  Hellion x2  
  27  3:17  Barracks Tech Lab  
  27  3:19  Supply Depot  
  31  3:20  SCV  
  31  3:25  SCV  
  33  3:33  SCV  
  33  3:35  Liberator, Hellion x2  
  33  3:37  SCV  
  38  3:42  Marine  
  38  3:45  SCV  
  40  3:49  SCV  
  43  3:57  SCV  
  43  4:01  SCV  
  45  4:08  Supply Depot  
  45  4:09  SCV  
  46  4:11  Marine x2  
  46  4:13  SCV  
  49  4:21  SCV  
  50  4:26  SCV  
  50  4:28  Command Center  
  50  4:29  Marine x2  
  53  4:31  Siege Tank, Supply Depot  
  53  4:35  SCV  
  53  4:38  SCV  
  56  4:58  SCV x2  
  56  4:59  Marine  
  56  5:00  Marine  
  56  5:03  Siege Tank  
  56  5:04  Starport Reactor  
  56  5:05  Barracks  
  57  5:08  Barracks  
  57  5:10  SCV x2  
  59  5:15  Engineering Bay x2  
  59  5:22  SCV x2, Refinery  
  59  5:23  Refinery  
  63  5:34  SCV  
  63  5:35  SCV  
  60  5:46  SCV, Missile Turret  
  60  5:47  Factory Tech Lab, SCV  
  60  5:48  Missile Turret  
  62  5:50  Starport Reactor, Orbital Command  
  62  5:57  Stimpack  
  62  5:58  Marine  
  62  5:59  SCV x2  
  62  6:00  Missile Turret  
  62  6:02  Barracks  
  65  6:04  Barracks  
  65  6:09  Missile Turret  
  65  6:11  SCV x2  
  66  6:12  Marine, Terran Infantry Armor Level 1, Terran Infantry Weapons Level 1  
  66  6:13  Marine x3  
  66  6:16  Orbital Command  
  71  6:23  SCV x2  
  73  6:26  Marine  
  73  6:27  Armory  
  73  6:28  Medivac x2  
  73  6:30  Marine x2  
  73  6:32  Siege Tank  
  83  6:42  SCV x2  
  85  6:53  Supply Depot, Barracks Reactor x2  
  85  6:54  Supply Depot  
  85  6:55  Supply Depot, Missile Turret  
  85  7:02  Factory  
  85  7:15  Marine x5, SCV, Medivac  
  93  7:16  SCV, Thor  
  100  7:28  Supply Depot x3  
  100  7:32  Marine x5  
  100  7:33  Marine x4  
  100  7:34  Terran Vehicle Weapons Level 1  
  109  7:43  SCV  
  109  7:44  SCV  
  109  7:45  SCV  
  108  7:52  Factory Reactor  
  108  7:55  Marine  
  108  7:57  Marine x8, SCV  
  108  7:58  SCV x2  
  120  8:01  Supply Depot  
  120  8:02  Supply Depot  
  120  8:10  SCV  
  117  8:12  Marine  
  117  8:15  Thor  
  117  8:17  Marine x4  
  117  8:18  Marine x4  
  132  8:22  Medivac x2  
  132  8:25  Terran Infantry Weapons Level 2  
  136  8:29  SCV x3  
  136  8:30  Marine, Refinery x2  
  136  8:34  Supply Depot  
  140  8:35  Supply Depot  
  140  8:41  SCV, Supply Depot  
  141  8:44  Marine x8  
  149  8:50  Supply Depot  
  149  8:55  Marine, Combat Shield  
  150  8:57  Medivac x2  
  150  9:01  Marine  
  155  9:05  Marine x7  
  155  9:06  Widow Mine x2  
  155  9:07  Widow Mine  
  155  9:08  Drilling Claws  
  168  9:13  Marine  
  169  9:19  Marine  
  170  9:24  Supply Depot  
  170  9:27  Supply Depot  
  170  9:28  Widow Mine  
  172  9:32  Widow Mine x2, Missile Turret  
  172  9:33  Terran Infantry Armor Level 2  
  172  9:35  Terran Vehicle Weapons Level 2  
  176  9:49  Widow Mine  
  178  10:03  Marine  
  178  10:04  Marine x6  
  185  10:12  Barracks  
  185  10:13  Barracks x2  
  183  10:14  Command Center  
  183  10:18  Command Center, Widow Mine x3  
  179  10:41  Supply Depot  
  179  10:42  Supply Depot  
  179  10:44  Supply Depot  
  178  10:51  Terran Infantry Weapons Level 3  
  178  10:53  Medivac x2, Thor, Widow Mine  
  189  11:01  Marine  
  189  11:02  Marine x5, Widow Mine  
  193  11:15  Widow Mine  
  193  11:16  Supply Depot  
  195  11:31  Liberator x2, Barracks Tech Lab  
  195  11:32  Barracks Tech Lab x2  
  195  11:36  Starport  
  195  11:38  Starport  
  192  11:51  Orbital Command, Fusion Core  
  198  12:14  Marine  
  198  12:15  Marine  
  200  12:33  Starport Reactor  
  200  12:34  Starport Tech Lab  
  200  12:37  Liberator  
  200  12:38  Liberator x2  
  117  12:54  Marine x3, Marauder x4  
  119  13:20  Liberator  
  119  13:23  Marine x5, Marauder x4  
  119  13:24  Marine  
  133  13:30  Concussive Shells  
  133  13:31  Terran Infantry Armor Level 3  
  130  13:42  Planetary Fortress  
  130  13:43  Liberator  
  130  13:44  Liberator x2, Marauder x2  
  130  13:45  Marauder  
  134  13:59  Command Center  
  143  14:08  Liberator  
  143  14:09  Liberator  
  137  14:26  Liberator  
  137  14:27  Marine, Marauder x3  
  137  14:30  SCV x2  
  149  14:36  Hi-Sec Auto Tracking  
  149  14:51  Sensor Tower  
  149  14:56  SCV  
  149  14:57  SCV  
  151  15:02  Sensor Tower  
  151  15:04  Missile Turret  
  151  15:06  Missile Turret  
  151  15:08  Sensor Tower  
  148  15:18  Refinery  
  148  15:19  Refinery  
  148  15:48  Refinery  
  146  15:52  Refinery  
  146  15:55  Planetary Fortress  
  136  16:07  Marine, Marauder x4  
  136  16:09  Ghost Academy  
  136  16:10  Siege Tank  
  138  16:14  Marine x5  
  138  16:15  Marine x2  
  145  16:23  SCV  
  145  16:24  Marine, SCV x4  
  151  16:28  Marine, Marauder x3  
  151  16:32  Marine x7  
  165  16:42  Marine  
  165  16:46  Marine  
  158  16:55  Missile Turret x2  
  162  17:01  Marine x4, Marauder x3  
  162  17:02  Marine x4  
  162  17:03  Siege Tank  
  162  17:04  Marauder, Widow Mine x2  
  177  17:19  Marine x5  
  177  17:21  Missile Turret  
  177  17:22  Marauder  
  184  17:24  Missile Turret  
  184  17:25  Ghost x3  
  184  17:26  Marine x3  
  190  17:37  Thor  
  190  17:39  Widow Mine x2  
  200  17:53  Missile Turret  
  200  17:54  Missile Turret  
  200  17:56  Missile Turret  
  200  18:18  Terran Vehicle Weapons Level 3  
  197  18:40  Thor  
  170  19:45  Ghost  
  170  19:47  Viking x4, Battlecruiser  
  170  19:49  Ghost x3  
  170  19:52  Personal Cloaking  
  173  20:10  Marine x8  
  173  20:12  Thor  
  177  20:14  Marine  
  177  20:17  Viking x4  
  177  20:18  Marine x3  
  183  20:32  Command Center  
  180  20:36  Command Center  
  177  20:47  Medivac x2  
  177  20:51  Battlecruiser  
  177  20:52  Viking x2  
  185  20:57  Marine  
  185  20:58  Marauder  
  188  21:17  Viking x2, Enhanced Shockwaves  
  192  21:22  Viking x2  
  196  21:28  Command Center  
  196  21:30  Ghost  
  196  21:31  Ghost  
  186  21:59  Marine x12  
  167  22:16  Marine  
  167  22:17  Marine x11  
  179  22:25  Liberator x3  
  179  22:29  Widow Mine x3  
  185  22:34  Marine x7  
  198  22:50  Widow Mine  
  200  23:16  Liberator x3  
  200  23:18  Refinery  
  200  23:22  Refinery  
  200  23:23  Sensor Tower  
  194  23:32  Liberator x2  
  181  23:44  Marine x7  
  181  23:45  Marine x4  
  120  23:59  Liberator x3  
  120  24:02  Marine x2, Marauder  
  118  24:03  Marauder x3  
  133  24:18  Liberator  
  131  24:32  Marine x2, Marauder x3  
  142  24:47  Planetary Fortress  
  142  24:51  Sensor Tower  
  142  24:53  Marine x3  
  142  24:59  Ghost  
  146  25:14  Liberator x2  
  146  25:15  Liberator  
  146  25:30  Marine x8, Marauder x2  
  171  25:36  Orbital Command  
  171  25:37  Cyclone  
  171  25:41  Ghost x2  
  171  25:51  Ghost  
  171  25:53  Liberator x2  
  173  25:57  Liberator  
  152  26:11  Marine x2, Ghost x3  
  156  26:12  Marine  
  165  26:40  Marine x6  
  165  26:41  Marauder x3  
  165  26:42  Marauder  
  171  27:08  Orbital Command  
  171  27:09  Medivac x3  
  171  27:10  Medivac x2  
  169  27:34  Command Center  
  164  27:42  Ghost x4  
  91  28:06  Marine x8  
  91  28:11  Marine x3  
  69  28:37  Marine x3  
  69  28:38  Marine x3  
Show
View Real Time Build Order
Export as new Build Order

NooNoo Zerg - Winner!

Build Orders: Hatch First, Muta Ling Bane 

Get SALT Encoding   

  12  0:01  Drone  
  13  0:12  Overlord  
  13  0:19  Drone  
  14  0:32  Drone x2  
  16  0:49  Hatchery  
  15  0:52  Drone  
  15  0:55  Drone  
  17  1:11  Spawning Pool  
  17  1:14  Extractor  
  17  1:15  Drone  
  17  1:17  Drone  
  17  1:20  Drone  
  18  1:28  Drone  
  19  1:40  Drone  
  20  1:58  Queen  
  20  2:01  Queen  
  24  2:05  Zergling x4  
  26  2:15  Metabolic Boost  
  26  2:17  Overlord, Drone  
  27  2:23  Drone  
  27  2:26  Extractor  
  27  2:35  Drone x3  
  30  2:51  Drone  
  30  2:52  Drone x2  
  33  3:00  Queen  
  33  3:02  Overlord, Lair  
  35  3:05  Extractor  
  35  3:08  Extractor  
  35  3:09  Drone x3  
  36  3:19  Overlord  
  36  3:23  Drone  
  37  3:29  Drone x4  
  41  3:49  Drone x6  
  47  4:03  Drone x2  
  47  4:08  Spire  
  48  4:16  Drone x2  
  50  4:20  Baneling Nest  
  50  4:23  Drone x3  
  52  4:29  Extractor, Hatchery  
  52  4:30  Overlord  
  50  4:32  Drone  
  51  4:39  Queen  
  51  4:43  Zergling x2  
  41  5:02  Drone x10  
  51  5:12  Drone  
  51  5:30  Drone  
  51  5:31  Queen  
  54  5:49  Drone x7  
  61  6:00  Overseer  
  61  6:01  Drone x2  
  61  6:03  Drone x3  
  66  6:09  Centrifical Hooks  
  66  6:11  Overlord  
  66  6:12  Overlord  
  66  6:13  Overlord x2  
  66  6:24  Evolution Chamber  
  66  6:25  Evolution Chamber, Drone x2  
  66  6:32  Drone  
  67  6:33  Drone x3  
  67  6:35  Drone x3  
  73  6:40  Drone  
  74  6:54  Hatchery  
  74  6:56  Burrow  
  74  6:57  Mutalisk  
  74  6:58  Mutalisk x9, Extractor  
  92  7:01  Overlord  
  92  7:02  Overlord  
  92  7:07  Zerg Ground Armor Level 1  
  92  7:08  Drone  
  92  7:09  Drone  
  92  7:11  Zerg Melee Weapons Level 1  
  92  7:14  Zergling x6  
  97  7:20  Baneling x2  
  97  7:27  Zergling x18  
  106  7:35  Overlord  
  106  7:37  Drone x3  
  109  7:39  Overlord  
  109  7:48  Mutalisk x3  
  113  7:56  Overlord, Drone  
  114  8:00  Zergling x12  
  120  8:19  Infestation Pit  
  121  8:20  Drone x6  
  121  8:23  Baneling x6  
  125  8:28  Baneling x6  
  125  8:29  Overlord  
  125  8:30  Overlord  
  125  8:33  Drone x2  
  127  8:35  Extractor  
  127  8:37  Extractor  
  125  8:43  Zerg Flyer Weapons Level 1  
  125  8:53  Zergling x22  
  125  8:54  Zergling x8  
  140  9:00  Hive  
  140  9:03  Zergling x4  
  140  9:06  Baneling x15  
  140  9:07  Baneling x7  
  142  9:28  Pneumatized Carapace  
  142  9:30  Drone x3  
  142  9:31  Drone x3  
  147  9:32  Drone x2  
  147  9:35  Overlord  
  147  9:36  Zergling x2  
  147  9:37  Zergling x2  
  147  9:38  Baneling x7  
  152  9:42  Overlord x9  
  152  9:43  Zerg Ground Armor Level 2  
  152  9:46  Hatchery  
  151  9:59  Zerg Melee Weapons Level 2  
  151  10:00  Overlord, Zergling x2  
  151  10:01  Zergling x20  
  132  10:21  Zergling x2  
  132  10:22  Zergling x18  
  132  10:28  Zergling x6  
  141  10:34  Ultralisk Cavern, Drone  
  139  10:37  Overlord  
  139  10:39  Overlord  
  139  10:40  Overlord  
  139  10:46  Adrenal Glands  
  139  10:48  Overlord  
  138  10:51  Baneling x16  
  136  11:07  Mutalisk  
  136  11:08  Zergling x2  
  136  11:09  Zergling x26  
  142  11:15  Overlord  
  141  11:23  Chitinous Plating  
  141  11:24  Ultralisk x2  
  141  11:25  Ultralisk  
  159  11:26  Zergling x12  
  163  11:49  Zergling x18  
  172  11:58  Zergling x2  
  173  12:06  Zergling x2  
  173  12:07  Zergling x28  
  183  12:16  Baneling x5  
  183  12:17  Zergling x10, Baneling  
  183  12:20  Zergling x4  
  174  12:25  Zergling x4  
  175  12:33  Zergling x12  
  181  12:37  Overseer x2  
  165  12:49  Corruptor  
  165  12:50  Corruptor x9  
  171  12:53  Zergling x2  
  171  12:54  Zergling x2  
  171  12:56  Zerg Melee Weapons Level 3, Zerg Ground Armor Level 3  
  169  13:09  Corruptor  
  164  13:16  Drone x2  
  164  13:17  Drone x3  
  168  13:25  Zergling x2  
  168  13:26  Zergling x14  
  168  13:37  Drone x8  
  168  13:39  Extractor  
  168  13:40  Extractor  
  171  13:42  Anabolic Synthesis  
  171  13:44  Spire  
  169  13:50  Overlord, Drone x2  
  169  13:51  Spore Crawler  
  169  13:54  Spine Crawler  
  169  13:55  Spine Crawler  
  169  13:56  Overseer  
  169  13:57  Spine Crawler  
  159  14:34  Spore Crawler  
  157  14:40  Drone x3  
  157  14:41  Drone x3  
  163  14:47  Drone x3  
  163  14:48  Drone  
  163  14:49  Drone  
  168  14:53  Pathogen Glands  
  168  14:57  Spore Crawler x2  
  166  15:04  Baneling x2  
  166  15:07  Baneling x2  
  165  15:12  Zergling x36  
  174  15:17  Baneling  
  174  15:18  Baneling  
  174  15:37  Zerg Flyer Armor Level 1  
  174  15:38  Zerg Flyer Weapons Level 2, Infestor  
  174  15:39  Infestor x12  
  200  15:45  Hatchery  
  198  15:52  Hatchery  
  198  15:54  Extractor  
  198  15:55  Extractor  
  195  16:16  Zerg Missile Weapons Level 1  
  195  16:27  Overlord  
  189  16:50  Zergling x34  
  195  17:14  Zergling x4  
  187  17:45  Overlord  
  187  17:46  Overlord  
  187  18:00  Greater Spire  
  187  18:03  Zerg Flyer Weapons Level 3  
  187  18:18  Spore Crawler  
  187  18:19  Spine Crawler  
  185  18:21  Spine Crawler x3  
  185  18:22  Drone x4  
  185  18:23  Spore Crawler, Drone x2  
  185  18:25  Spore Crawler  
  172  18:46  Zergling x8  
  172  18:47  Zergling x56  
  199  19:10  Zergling x2  
  188  19:24  Brood Lord x3  
  188  19:25  Brood Lord x2, Overlord  
  188  19:26  Overlord  
  186  19:38  Corruptor x4  
  186  19:39  Corruptor x2  
  197  19:49  Zergling x2  
  193  19:56  Corruptor x5  
  198  20:11  Zergling x2  
  199  20:27  Corruptor  
  198  20:39  Spore Crawler  
  199  20:47  Extractor  
  199  20:48  Hatchery, Extractor  
  181  21:00  Brood Lord x2  
  181  21:01  Brood Lord x5  
  195  21:07  Neural Parasite  
  195  21:11  Zergling x8  
  195  21:16  Zergling x4  
  195  21:17  Zergling x22  
  199  21:22  Infestor x13  
  199  21:43  Zerg Missile Weapons Level 2  
  119  22:10  Zergling x38  
  126  22:18  Ultralisk x3  
  143  22:24  Ultralisk x9  
  143  22:25  Zergling x2  
  143  22:26  Zergling x6  
  198  22:53  Zergling x4, Extractor  
  198  22:56  Extractor  
  198  22:58  Zergling x4  
  200  23:12  Drone x5  
  200  23:13  Drone x11  
  198  23:22  Zergling x2  
  198  23:23  Overlord  
  175  23:54  Zergling x36  
  193  24:07  Drone x7  
  200  24:11  Baneling x3  
  200  24:14  Zerg Flyer Armor Level 2  
  200  24:16  Zerg Missile Weapons Level 3  
  198  24:34  Corruptor  
  199  25:07  Overlord  
  199  25:08  Overlord  
  164  26:08  Corruptor x12  
  164  26:10  Zergling x22  
  164  26:11  Zergling x8  
  176  26:25  Corruptor x3  
  176  26:26  Corruptor  
  176  26:27  Zergling x6  
  176  26:31  Baneling  
  176  26:32  Baneling x3  
  187  26:36  Hatchery  
  183  26:40  Viper  
  183  26:45  Corruptor  
  183  26:46  Corruptor x2  
  189  26:47  Brood Lord  
  189  26:48  Brood Lord x2  
  175  26:58  Corruptor x3  
  175  26:59  Corruptor x5  
  175  27:01  Zergling x16  
  194  27:08  Drone x3  
  194  27:10  Spore Crawler x2  
  194  27:11  Spore Crawler x2  
  194  27:15  Zergling x12  
  194  27:42  Zergling x12  
  196  28:04  Zergling x30  
  196  28:05  Zergling x4  
  182  28:20  Zergling x8  
  179  28:27  Zergling x16  
Tags
 
Add a new tag
Caveats
  • Supply blocks, unpowered buildings, or Contaminate may cause inaccurate times.
  • Supply counts are checked every 10 seconds.